 Dungeon Crawl Stone Soup version 0.25.1-1-g288607f5aa (webtiles) character file.

Game seed: 3226694939975228447

333 Ijustatesigmund the Chopper (level 6, -1/43 HPs)
             Began as an Octopode Fighter on July 23, 2020.
             Slain by Menkaure (9 damage)
             ... on level 4 of the Dungeon.
             The game lasted 00:06:07 (4254 turns).

Ijustatesigmund the Chopper (Octopode Fighter)      Turns: 4254, Time: 00:06:08

Health: -1/43      AC:  1    Str: 15    XL:     6   Next: 53%
Magic:  6/6        EV: 13    Int: 10    God:
Gold:   256        SH: 10    Dex: 14    Spells: 5/5 levels left

rFire    . . .     SeeInvis .   a - +2 war axe
rCold    . . .     Gourm    .   b - +1 kite shield
rNeg     . . .     Faith    .   (helmet restricted)
rPois    .         Spirit   .   (no amulet)
rElec    .         Reflect  .   j - ring of flight
rCorr    .         Harm     .   (no ring)
MR       .....                  (no ring)
Stlth    ++........             (no ring)
HPRegen  0.14/turn              (no ring)
MPRegen  0.10/turn              (no ring)
                                (no ring)
                                (no ring)

@: no status effects
A: almost no armour, stealthy swim, amphibious, 8 rings, constrict 8, camouflage
1, blink, gelatinous body 1
a: Blink, Evoke Flight


You were on level 4 of the Dungeon.
You were not hungry.

You visited 1 branch of the dungeon, and saw 4 of its levels.

You collected 256 gold pieces.

Inventory:

Hand Weapons
 a - a +2 war axe (weapon)
 r - a +2 flail of holy wrath
Missiles
 n - 2 atropa-tipped darts (quivered)
Armour
 b - a +1 kite shield (worn)
Jewellery
 j - a ring of flight (left tentacle)
Wands
 s - a wand of disintegration (11)
Scrolls
 f - 2 scrolls of teleportation
 m - 3 scrolls of remove curse
 p - a scroll of fear
 q - a scroll of fog
Potions
 c - a potion of might
 e - a potion of magic
 g - 4 potions of curing
 h - a potion of lignification {unknown}
 i - a potion of degeneration {unknown}
 k - 2 potions of stabbing {unknown}
 l - a potion of heal wounds {unknown}
 t - a potion of haste {unknown}
Comestibles
 d - 6 rations
 o - a chunk of flesh


   Skills:
 + Level 4.1 Fighting
 * Level 4.4 Axes
 + Level 4.1 Dodging
 + Level 4.1 Shields


You had 5 spell levels left.
You didn't know any spells.
Your spell library was empty.

Dungeon Overview and Level Annotations

Branches:
Dungeon (4/15)
 Temple: D:4-7

Altars:
Okawaru

Annotations:
D:4 Menkaure


Innate Abilities, Weirdness & Mutations

You cannot wear most types of armour.
You are very stealthy in the water. (Stealth+)
You are amphibious.
You can wear up to eight rings at the same time.
You can use your tentacles to constrict eight enemies at once.
Your skin changes colour to match your surroundings (Stealth+).
Your rubbery body absorbs attacks. (AC +1, EV +1)
You can translocate small distances at will.


Message History

You destroy the bullfrog skeleton!
No target in view!
No target in view!
No target in view!
No target in view!
No target in view!
HP restored.
Eating one of 2 chunks of flesh.
You eat one of the 2 chunks of flesh.
This raw flesh tastes terrible.
Menkaure, Prince of Dust comes into view.
Found a mace.
Menkaure shouts!
Menkaure calls on the powers of darkness!
Your body is wracked with pain!
Menkaure mumbles some strange words.
Menkaure seems to speed up.
Menkaure hits you!
* * * LOW HITPOINT WARNING * * *
Menkaure hits you!
You die...

.# #.#.#.........#
#.#.# .#
#.#.#.........# #...#
####### #.#.........#
#.... .......
#.#.........# #..>.
##########.##.......##
##.......#.#....)..
.........#.#.....
.........#.#.#'######
.........#......@M..+
.........'...#.######
.........#.#.....
...................
##########.#.#.##### #
#.#.#.# # #.#.#.# #
#.#.#.#


You could see Menkaure (fast).

Vanquished Creatures
  An orc priest (D:4)
  Crazy Yiuf (D:2)
  A bullfrog skeleton (D:4)
  Terence (D:2)
  2 orc wizards
  A gnoll (D:3)
  6 adders
  An ooze (D:1)
  3 worms
  4 leopard geckos
  14 orcs
  A ball python (D:3)
  2 giant cockroaches
  10 goblins
  9 hobgoblins
  3 jackals (D:4)
  A quokka (D:2)
  2 bats (D:3)
  5 frilled lizards
  6 kobolds
  6 rats
80 creatures vanquished.

Notes
Turn   | Place    | Note
-------+----------+-------------------------------------------
     0 | D:1      | Ijustatesigmund the Octopode Fighter began the quest for
                  | the Orb.
     0 | D:1      | Reached XP level 1. HP: 16/16 MP: 1/1
   223 | D:1      | Reached XP level 2. HP: 20/21 MP: 2/2
  1075 | D:2      | Reached XP level 3. HP: 26/26 MP: 3/3
  1473 | D:2      | Reached XP level 4. HP: 17/31 MP: 4/4
  1727 | D:2      | Found a runed translucent door.
  1728 | D:2      | Noticed Crazy Yiuf
  1734 | D:2      | Killed Crazy Yiuf
  1793 | D:2      | Noticed Terence
  1799 | D:2      | Killed Terence
  1887 | D:2      | Reached XP level 5. HP: 36/36 MP: 5/5
  2056 | D:2      | Gained mutation: You do not regenerate when monsters are
                  | visible. [potion of mutation]
  2056 | D:2      | Lost mutation: You do not regenerate when monsters are
                  | visible. [potion of mutation]
  2056 | D:2      | Gained mutation: You can translocate small distances at
                  | will. [potion of mutation]
  2708 | D:3      | Found an iron altar of Okawaru.
  3616 | D:4      | Reached XP level 6. HP: 43/43 MP: 6/6
  4057 | D:4      | Noticed a two-headed ogre
  4248 | D:4      | Noticed Menkaure
  4254 | D:4      | Slain by Menkaure

Illustrated notes

Levels and vault maps discovered:
D:1:      roderic_crossed_star, layout_loops_ring
D:2:      layout_basic, first_ration, uniq_crazy_yiuf_cottage, uniq_terence
D:3:      layout_basic, okawaru_altar_gauntlet_db
D:4:      layout_basic, lightli_corner_chamber, uniq_menkaure

Skill      XL: |  1  2  3  4  5  6 |
---------------+-------------------+-----
Axes           | 3 4 |  4.4
Fighting       | 4 |  4.1
Dodging        | 4 |  4.1
Shields        | 4 |  4.1

Action                   |  1- 3 |  4- 6 || total
-------------------------+-------+-------++-------
Melee: War axe           |    62 |    94 ||   156
       Constrict         |    10 |    27 ||    37
       Tentacles         |     5 |    15 ||    20
  Use: Scroll            |     2 |    12 ||    14
       Potion            |       |     2 ||     2
 Stab: Sleeping          |     5 |     5 ||    10
  Eat: Chunk             |     2 |     9 ||    11
Armor: Skin              |     4 |     2 ||     6
Dodge: Dodged            |    26 |    44 ||    70
Block: Kite shield       |    27 |    49 ||    76
